 Seeded DCSS version 0.28-a0-1594-ga885d4b3d6 (webtiles) character file.

Game seed: 17374242656959429415 (custom seed)

44 riojii the Caller (level 3, 0/21 HPs)
             Began as an Octopode Summoner on Jan 21, 2022.
             Slain by a river rat (6 damage)
             ... on level 3 of the Dungeon.
             The game lasted 00:02:45 (2262 turns).

riojii the Caller (Octopode Summoner)               Turns: 2262, Time: 00:02:46

Health: 0/21       AC:  1    Str:  7    XL:     3   Next: 60%
Magic:  3/6        EV: 13    Int: 31    God:
Gold:   107        SH:  0    Dex: 12    Spells: 3/7 levels left

rFire   . . .      SeeInvis .   (no weapon)
rCold   . . .      Faith    .   (no shield)
rNeg    . . .      Spirit   .   (helmet restricted)
rPois   +          Reflect  .   (no amulet)
rElec   .          Harm     .   d - +6 ring of intelligence
rCorr   .          Rampage  .   e - +6 ring of intelligence
Will    .....                   g - ring of poison resistance
Stlth   +++.......              (no ring)
HPRegen 0.07/turn               (no ring)
MPRegen 0.10/turn               (no ring)
                                (no ring)
                                (no ring)

@: no status effects
A: almost no armour, amphibious, 8 rings, camouflage 1, gelatinous body 1,
(nimble swimmer 1), tentacles
a: no special abilities


You were on level 3 of the Dungeon.
You visited 1 branch of the dungeon, and saw 3 of its levels.

You collected 107 gold pieces.

Inventory:

Jewellery
 d - a +6 ring of intelligence (left tentacle)
 e - a +6 ring of intelligence (right tentacle)
 g - a ring of poison resistance (on tentacle)
Scrolls
 b - a scroll of noise {unknown}
 c - 3 scrolls of identify {unknown}
Potions
 a - a potion of berserk rage {unknown}
 f - 2 potions of lignification {unknown}


   Skills:
 - Level 2.0 Dodging
 - Level 2.6 Stealth
 + Level 2.5 Spellcasting
 * Level 4.9 Summonings


You had 3 spell levels left.
You knew the following spells:

 Your Spells              Type           Power      Damage    Failure   Level
a - Summon Small Mammal   Summ           100%       N/A       1%          1
b - Call Canine Familiar  Summ           34%        N/A       2%          3

Your spell library contained the following spells:

 Spells                   Type           Power      Damage    Failure   Level
 Call Imp                 Summ           34%        N/A       1%          2
 Summon Guardian Golem    Hex/Summ       19%        N/A       8%          3
 Corpse Rot               Necr/Air       6%         N/A       11%         2
 Dazzling Flash           Conj/Hex       6%         N/A       22%         3
 Summon Lightning Spire   Summ/Air       19%        N/A       26%         4
 Dispel Undead            Necr           3%         3d7       56%         4
 Iskenderun's Mystic Bla  Conj/Tloc      3%         2d3       56%         4
 Death Channel            Necr           1%         N/A       100%        6
 Starburst                Conj/Fire      1%         6d3       100%        6


Dungeon Overview and Level Annotations

Branches:
Dungeon (3/15)

Altars:

Portals:
Sewer: D:3


Innate Abilities, Weirdness & Mutations

You cannot wear most types of armour.
You are amphibious.
You can wear up to eight rings at the same time.
Your skin changes colour to match your surroundings (Stealth+).
Your rubbery body absorbs attacks. (AC +1, EV +1)
((You are camouflaged when in or above water. (Stealth+)))
You have tentacles for arms and can constrict up to eight enemies at once.


Message History

The river rat barely misses your hound. The rat barely misses your hound.
Your hound bites the rat.
The rat dies!
The river rat barely misses your hound.
Your hound bites the river rat but does no damage.
The rat barely misses your hound.
Your hound closely misses the rat.
The river rat bites your hound!
Your hound dies!
Your hound's corpse disappears in a puff of smoke!
The rat misses your quokka.
Your quokka bites the river rat.
The river rat bites your quokka.
Your quokka barely misses the river rat.
The rat bites your quokka. The river rat bites your quokka.
Your quokka dies!
Your quokka's corpse disappears in a puff of smoke!
Casting: Call Canine Familiar (quite dangerous; 2% risk of failure)
Confirm with . or Enter, or press ? or * to list all spells.
You don't have enough magic to cast this spell.
There are monsters nearby!
You tentacle-slap the rat. Your grab misses the rat.
Your squeeze misses the rat.
The rat is heavily wounded.
You tentacle-slap the river rat but do no damage.
You grab the river rat.
The river rat is severely wounded.
You constrict the river rat, but do no damage.
The rat bites you. The river rat barely misses you.
You tentacle-slap the river rat but do no damage.
The river rat is severely wounded.
You constrict the river rat, but do no damage.
The rat bites you. The river rat bites you!
* * * LOW HITPOINT WARNING * * *
You release your grip on the river rat.
You tentacle-slap the rat.
You kill the rat!
You tentacle-slap the river rat but do no damage.
Your grab misses the river rat.
The river rat is severely wounded.
The river rat bites you.
You die...

# .# .. ##≈≈≈≈∩# ###.###
#.≈≈≈≈≈# . ..#.#####
#..≈≈≈≈# # #.#...#..
....≈≈≈# #
#<#.#.#.########.....≈#
# #...#.#.##.....#.....#
#####.#.#....###@#rr...#
#..........### #r#.###.#
..........># #.......#
############ ###.##### .
#.# ## #(# #### #.# ...#
#.# ...# #.#


You could see a river rat.

Vanquished Creatures
  An adder (D:2)
  2 orcs (D:3)
  5 bats
  3 endoplasms
  2 giant cockroaches (D:2)
  A hobgoblin (D:1)
  2 jackals (D:1)
  2 quokkas (D:1)
  3 ball pythons
  2 frilled lizards
  A goblin (D:1)
  A kobold (D:2)
  4 rats
29 creatures vanquished.

Vanquished Creatures (collateral kills)
  A quokka (D:3)
  A bat (D:3)
  A rat (D:3)
3 creatures vanquished.

Grand Total: 32 creatures vanquished

Notes
Turn   | Place    | Note
-------+----------+-------------------------------------------
     0 | D:1      | riojii the Octopode Summoner began the quest for the Orb.
     0 | D:1      | Reached XP level 1. HP: 11/11 MP: 3/3
   300 | D:1      | Reached XP level 2. HP: 17/17 MP: 5/5
  1049 | D:2      | Found a faded altar of an unknown god.
  1434 | D:2      | Reached XP level 3. HP: 21/21 MP: 3/6
  2204 | D:3      | Learned a level 3 spell: Call Canine Familiar
  2241 | D:3      | Found a glowing drain.
  2262 | D:3      | Slain by a river rat

Illustrated notes

Levels and vault maps discovered:
D:1:      minmay_arrival_cross, layout_loops_ring
D:2:      layout_loops_ring, basic_ecumenical_altar
D:3:      layout_basic, portal_sewer_entry_b, roderic_batcave,
          kennysheep_jessica_study

Action                   || total
-------------------------++-------
Melee: Unarmed           ||    96
       Constrict         ||    26
       Tentacles         ||    20
       Punch             ||     2
 Cast: Summon Small Mamm ||     7
       Call Canine Famil ||     2
 Stab: Sleeping          ||    11
Armor: Skin              ||    12
Dodge: Dodged            ||    62

Table legend: (Time is in decaauts)
 A = Elapsed time spent in this place.
 B = Non-inter-level travel time spent in this place.
 C = Inter-level travel time spent in this place.
 D = Time resting spent in this place.
 E = Time spent auto-exploring this place.
 F = Levels seen in this place.
 G = Mean time per level.
                   A        B        C        D        E       F      G
               +--------+--------+--------+--------+--------+-----+--------+
         Total |   2260 |   2195 |     65 |     84 |   1737 |   3 |  753.3 |
       Dungeon |   2260 |   2195 |     65 |     84 |   1737 |   3 |  753.3 |
               +--------+--------+--------+--------+--------+-----+--------+

Top non-repeatable levels by time:
     D:1: 1037 daAuts
     D:2: 980 daAuts
     D:3: 242 daAuts
